 Dungeon Crawl Stone Soup version 0.29.1-15-g9cfb28693d (webtiles) character file.

Game seed: 3788865470701427299

919 pokedragonboy the Conjurer (level 7, -1/54 HPs)
             Began as a Deep Elf Conjurer on Mar 10, 2023.
             Slain by a gnoll sergeant
             ... wielding a +1 spear of freezing
              (5 damage)
             ... on level 6 of the Dungeon.
             The game lasted 00:18:43 (6253 turns).

pokedragonboy the Conjurer (Deep Elf Conjurer)      Turns: 6253, Time: 00:18:44

Health: -1/54      AC: 23    Str:  7    XL:     7   Next: 83%
Magic:  1/19       EV:  2    Int: 25    God:
Gold:   334        SH:  0    Dex: 13    Spells: 13/20 levels left

rFire   + . .      SeeInvis .   z - +10 flail "Jazequz" {flame, Str+3}
rCold   + . .      Faith    .   (no shield)
rNeg    + . .      Spirit   .   (body armour currently unavailable)
rPois   +          Reflect  .   (helmet currently unavailable)
rElec   +          Harm     .   (cloak currently unavailable)
rCorr   +          Rampage  .   (gloves currently unavailable)
Will    .....      NoTele   +   (boots currently unavailable)
Stlth   ++........              (no amulet)
HPRegen 0.18/turn               c - ring of poison resistance
MPRegen 0.16/turn               i - ring of positive energy

@: brilliant, tree-form, resistant, attractive
A: stationary, stasis, torment immunity, boosted hp
a: no special abilities


You were on level 6 of the Dungeon.
You were a tree.
You visited 2 branches of the dungeon, and saw 7 of its levels.

You collected 334 gold pieces.

Inventory:

Hand Weapons
 z - the +10 flail "Jazequz" (weapon) {flame, Str+3}
   (You found it on level 5 of the Dungeon)

   It burns those it strikes, dealing additional fire damage.
   Str:       It affects your strength (+3).
 A - a +2 falchion of electrocution
Missiles
 F - 5 curare-tipped darts
Armour
 d - a +0 pair of gloves (melded)
 n - a +0 robe
 r - a +3 leather armour of cold resistance (melded)
Magical Staves
 y - a staff of air
Jewellery
 c - a ring of poison resistance (left branch)
 i - a ring of positive energy (right branch)
Wands
 u - a wand of digging (2)
 w - a wand of flame (17)
 B - a wand of paralysis (12)
Scrolls
 a - 2 scrolls of magic mapping
 e - 2 scrolls of immolation
 f - a scroll of enchant weapon {unknown}
 g - a scroll of noise {unknown}
 h - a scroll of enchant armour {unknown}
 j - a scroll of teleportation {unknown}
 k - a scroll of vulnerability
 m - a scroll of poison {unknown}
 p - a scroll of summoning {unknown}
 s - a scroll of brand weapon {unknown}
 x - a scroll of fear {unknown}
 D - 2 scrolls of identify
Potions
 b - a potion of magic
 C - a potion of attraction
 E - a potion of degeneration {unknown}


   Skills:
 - Level 3.0 Dodging
 - Level 2.5 Stealth
 + Level 7.1 Spellcasting
 + Level 7.7 Conjurations
 * Level 5.7 Hexes


You had 13 spell levels left.
You knew the following spells:

 Your Spells              Type           Power      Damage    Failure   Level
a - Magic Dart            Conj           100%       1d8       1%          1
b - Searing Ray           Conj           100%       2d8       1%          2
c - Fulminant Prism       Conj/Hex       29%        3d14      4%          4

Your spell library contained the following spells:

 Spells                   Type           Power      Damage    Failure   Level
 Dazzling Flash           Conj/Hex       100%       N/A       1%          3
 Apportation              Tloc           26%        N/A       7%          1
 Iskenderun's Mystic Bla  Conj/Tloc      42%        2d10      14%         4
 Alistair's Intoxication  Tmut/Pois      8%         N/A       88%         5


Dungeon Overview and Level Annotations

Branches:
Dungeon (6/15)             Temple (1/1) D:5

Altars:
Ashenzari
Cheibriados
Dithmenos
Elyvilon
Fedhas
Gozag
Hepliaklqana
Kikubaaqudgha
Makhleb
Nemelex Xobeh
Okawaru
Qazlal
Ru
Uskayaw
Vehumet
Wu Jian
Xom
Zin
The Shining One

Shops:
D:1 [   D:6 *

Annotations:
D:3 1 runed translucent door, leafyfresh's ghost, amateur OpDe
D:4 exclusions: downstairs, 2 orc priests and orc wizard
D:5 1 runed translucent door, exclusion: 2 downstairs, Crazy Yiuf
D:6 Pikel


Message History

* * * LOW HITPOINT WARNING * * *
The gnoll sergeant freezes you.
* * * LOW HITPOINT WARNING * * *
Okay, then.
Okay, then.
Really quaff the potion of lignification?
You turn into a tree.
Your +0 pair of gloves melds into your body.
Your +3 leather armour of cold resistance melds into your body.
You feel less resistant to cold.
Your roots penetrate the ground.
The gnoll sergeant hits you but does no damage.
Casting: Searing Ray (safe; 1% risk of failure)
Confirm with . or Enter, or press ? or * to list all spells.
Aiming: Searing Ray (safe; 1% risk of failure)
Press: ? - help, Shift-Dir - straight line, f - gnoll
Aim: a gnoll, wielding a +0 club (almost dead, 84% to hit)
The searing ray hits the gnoll sergeant.
The gnoll sergeant is severely wounded.
The searing ray hits the gnoll!
You kill the gnoll! (Press . to maintain the ray.)
The gnoll sergeant hits you from afar with a +1 spear of freezing.
* * * LOW HITPOINT WARNING * * *
The gnoll sergeant freezes you.
* * * LOW HITPOINT WARNING * * *
It was a potion of attraction.
You feel attractive to monsters.
The gnoll sergeant hits you but does no damage.
The gnoll sergeant is attracted toward you.
You cannot move.
It was a potion of brilliance.
You feel clever all of a sudden.
The gnoll sergeant hits you but does no damage.
Okay, then.
It was a potion of flight.
Your roots keep you in place.
The gnoll sergeant hits you but does no damage.
It was a potion of resistance.
You feel protected.
The gnoll sergeant hits you with a +1 spear of freezing.
You die...

*,,,,,..##,*#.# #.......####.##
*,***,*,.).*#.# #.....### ##.##
*,* *,*,*#.##.####...## #.... *,*
*.#.##........#### #..)#
***,***...gg...)###.### #...#
,,,,,,,#########).....# #...#
,,,,,,,* #§##.#.# #...#
,**,*,,******* #g##.#.# #...#
,**,*,,*,,..,*##♣##.#.#######...#
,**,*,,*,,...##...#.#............
,**,*,,*,,..........#............
,,,,,,,*,,...##...####...........
,,,,****,...,*###.# ########...#
,**** **##*** #.# #...# ,* #.#
#...# ,* #.## ######...# ,* #..#
#........#


You could see a gnoll sergeant.

Vanquished Creatures
  2 ogres
  3 lemures (D:6)
  Blork the orc (D:6)
  2 scorpions
  A necrophage (D:5)
  3 hounds
  3 jellies
  An orc priest (D:5)
  3 iguanas
  5 gnolls (D:6)
  8 adders
  2 white imps
  2 ufetubi
  A dart slug (D:2)
  6 orcs
  4 ball pythons
  3 endoplasms
  6 giant cockroaches
  7 goblins
  6 hobgoblins
  6 kobolds
  2 quokkas
  3 bats
  3 frilled lizards
  2 rats
85 creatures vanquished.

Vanquished Creatures (others)
  2 fulminant prisms
2 creatures vanquished.

Grand Total: 87 creatures vanquished

Notes
Turn   | Place    | Note
-------+----------+-------------------------------------------
     0 | D:1      | pokedragonboy the Deep Elf Conjurer began the quest for the
                  | Orb.
     0 | D:1      | Reached XP level 1. HP: 10/10 MP: 6/6
   176 | D:1      | Reached XP level 2. HP: 15/15 MP: 4/8
   557 | D:1      | Found Voell's Armour Boutique.
   564 | D:1      | Learned a level 2 spell: Searing Ray
   573 | D:1      | Reached skill level 5 in Conjurations
   910 | D:2      | Reached XP level 3. HP: 19/19 MP: 5/9
  2063 | D:3      | Found a runed translucent door.
  2064 | D:3      | Noticed leafyfresh's ghost (amateur OpDe)
  2142 | D:3      | Reached XP level 4. HP: 24/24 MP: 7/11
  2178 | D:3      | Learned a level 4 spell: Fulminant Prism
  2186 | D:3      | Reached skill level 1 in Hexes
  2309 | D:3      | Found a faded altar of an unknown god.
  2878 | D:4      | Reached XP level 5. HP: 26/28 MP: 4/12
  3454 | D:5      | Entered Level 5 of the Dungeon
  3502 | D:5      | Noticed an ogre
  3615 | D:5      | Identified the +10 flail "Jazequz" {flame, Str+3}
  3716 | D:5      | Found a sparkling altar of Nemelex Xobeh.
  3719 | D:5      | Found an ornate altar of the Wu Jian Council.
  3730 | D:5      | Reached XP level 6. HP: 32/32 MP: 8/14
  3859 | D:5      | Found a white marble altar of Elyvilon.
  4102 | D:5      | Found a staircase to the Ecumenical Temple.
  4109 | Temple   | Entered the Ecumenical Temple
  4414 | D:5      | Reached skill level 5 in Spellcasting
  4414 | D:5      | Reached skill level 5 in Hexes
  4817 | D:5      | Found a runed translucent door.
  4818 | D:5      | Noticed Crazy Yiuf
  5260 | D:6      | Reached XP level 7. HP: 28/36 MP: 11/17
  5306 | D:6      | Found Huozuit's Overcharged Wands.
  5506 | D:6      | Noticed Pikel
  5699 | D:6      | Found a hide-covered altar of Uskayaw.
  6228 | D:6      | Noticed Blork the orc
  6246 | D:6      | Killed Blork the orc
  6253 | D:6      | Slain by a gnoll sergeant

Illustrated notes

Levels and vault maps discovered:
D:1:      sevenhm_arrival_forest_fort_large_4, layout_rooms, serial_shops,
          nicolae_shop_waterfront
D:2:      layout_rooms, roderic_lattice_a
D:3:      layout_rooms, ebering_ghost_reflecting_pool,
          nicolae_ecumenical_lake_church
D:4:      layout_gridville
D:5:      layout_cave_pods, mainiacjoe_overflow_concentric_impassable,
          nicolae_overflow_squiral, minmay_temple_entry_mist,
          uniq_crazy_yiuf_cottage
D:6:      layout_loops_cross, nicolae_uskayaw_murder_on_the_dancefloor,
          nicolae_shop_overcharged_wands, uniq_pikel, uniq_blork_the_orc
Temple:   regret_index_temple_waves

Skill      XL: |  1  2  3  4  5  6  7 |
---------------+----------------------+-----
Conjurations   | 5 6 7 |  7.7
Dodging        | 3 |  3.0
Hexes          | 2 4 5 |  5.7
Spellcasting   | 4 5 7 |  7.1
Stealth        | |  2.5

Action                   |  1- 3 |  4- 6 |  7- 9 || total
-------------------------+-------+-------+-------++-------
Melee: Mace              |     1 |       |       ||     1
       Flail             |       |     2 |     2 ||     4
 Cast: Magic Dart        |    72 |    54 |    12 ||   138
       Searing Ray       |     1 |    20 |    15 ||    36
       Fulminant Prism   |       |     1 |     1 ||     2
  Use: Scroll            |     1 |     4 |       ||     5
       Potion            |       |     1 |     6 ||     7
 Stab: Sleeping          |     1 |       |       ||     1
Armor: Leather armour    |       |     2 |     2 ||     4
       Skin              |       |       |     4 ||     4
Dodge: Dodged            |     1 |    10 |    12 ||    23
